 Dungeon Crawl Stone Soup version 0.23-a0-767-gdc19b93d68 (webtiles) character file.

37 Kohma the Grave Robber (level 3, -2/24 HPs)
             Began as a Demonspawn Necromancer on Jan 29, 2019.
             Slain by a gnoll (8 damage)
             ... on level 2 of the Dungeon.
             The game lasted 00:03:54 (1953 turns).

Kohma the Grave Robber (Demonspawn Necromancer)     Turns: 1953, Time: 00:03:55

Health: -2/24      AC:  3    Str:  9    XL:     3   Next: 23%
Magic:  1/6        EV: 12    Int: 16    God:
Gold:   39         SH:  0    Dex: 13    Spells: 5/6 levels left

rFire    . . .     SeeInvis .   e - +1 whip (freeze)
rCold    . . .     Gourm    .   (no shield)
rNeg     . . .     Faith    .   a - +0 robe
rPois    .         Spirit   .   (helmet restricted)
rElec    .         Reflect  .   (no cloak)
rCorr    .         Harm     .   n - +0 pair of gloves
MR       .....                  (no boots)
Stlth    ++........             (no amulet)
HPRegen  0.08/turn              (no ring)
MPRegen  0.10/turn              (no ring)

@: no status effects
A: horns 1
a: no special abilities


You were on level 2 of the Dungeon.
You were hungry.

You visited 1 branch of the dungeon, and saw 2 of its levels.

You collected 39 gold pieces.

Inventory:

Hand Weapons
 e - a +1 whip of freezing (weapon)
 k - a +0 trident
Missiles
 d - 18 stones (quivered)
Armour
 a - a +0 robe (worn)
 n - a +0 pair of gloves (worn)
Scrolls
 b - a scroll of amnesia {unknown}
 g - a scroll of immolation {unknown}
Potions
 f - 3 potions of curing {unknown}
 h - a potion of lignification {unknown}
 j - a potion of agility {unknown}
 l - 3 potions of flight {unknown}
Comestibles
 c - 5 rations


   Skills:
 - Level 1.7 Dodging
 - Level 1.7 Stealth
 - Level 2.0 Spellcasting
 + Level 5.6 Necromancy


You had 5 spell levels left.
You knew the following spells:

 Your Spells              Type           Power        Failure   Level  Hunger
a - Pain                  Necr           ###.         1%          1    #......

Your spell library contained the following spells:

 Spells                   Type           Power        Failure   Level  Hunger
 Animate Skeleton         Necr           N/A          1%          1    #......
 Vampiric Draining        Necr           ###.......   6%          3    ###....
 Regeneration             Chrm/Necr      ##........   19%         3    ###....
 Animate Dead             Necr           N/A          21%         4    #####..


Dungeon Overview and Level Annotations

Branches:
Dungeon (2/15)

Altars:


Innate Abilities, Weirdness & Mutations

You have a pair of small horns on your head.


Message History

You completely miss the gnoll. The gnoll hits you but does no damage.
You closely miss the gnoll. The gnoll misses you.
You hit the gnoll. You freeze the gnoll.
The gnoll is lightly wounded.
You are feeling hungry.
The gnoll hits you!
* * * LOW HITPOINT WARNING * * *
You closely miss the gnoll.
The gnoll is lightly wounded.
The gnoll barely misses you.
You hit the gnoll. You freeze the gnoll. You headbutt the gnoll.
The gnoll is almost dead.
The gnoll barely misses you.
You closely miss the gnoll. Your headbutt misses the gnoll.
The gnoll is almost dead.
The gnoll barely misses you.
You completely miss the gnoll.
The gnoll is almost dead.
The gnoll hits you!
You die...

###.....#......#
#...........####
#####.....#.....#
..........#....##
..........+....##
..........##....#
.........#......#
####...g.#.###..#
.......@..........#
###......#........#
#......#........#
##............>..#
#.....#.#...#+###
...####.#.......
...+..........#. ..
#....#...###
#.##.........


You could see a gnoll.

Vanquished Creatures
  A gnoll (D:2)
  An adder (D:2)
  A dart slug (D:2)
  3 bats
  2 goblins
  3 hobgoblins
  A kobold (D:1)
  A ball python (D:2)
  A frilled lizard (D:1)
  3 rats (D:1)
17 creatures vanquished.

Notes
Turn   | Place    | Note
-------+----------+-------------------------------------------
     0 | D:1      | Kohma the Demonspawn Necromancer began the quest for the
                  | Orb.
     0 | D:1      | Reached XP level 1. HP: 13/13 MP: 3/3
   687 | D:1      | Gained mutation: You have a pair of small horns on your
                  | head. [demonic ancestry]
   687 | D:1      | Reached XP level 2. HP: 10/19 MP: 0/5
   979 | D:1      | Reached skill level 5 in Necromancy
  1944 | D:2      | Reached XP level 3. HP: 19/24 MP: 2/6
  1953 | D:2      | Slain by a gnoll

Vault maps used:
D:1:      matt_arrival_diagonals

Skill      XL: |  1  2 |
---------------+-------+-----
Necromancy     | 5 |  5.6
Dodging        | |  1.7
Stealth        | |  1.7
Spellcasting   | |  2.0

Action                   || total
-------------------------++-------
Melee: Whip              ||    32
       Short sword       ||     3
       Headbutt          ||     2
 Cast: Pain              ||    25
  Eat: Chunk             ||     3
Armor: Robe              ||    11
Dodge: Dodged            ||    40

Table legend:
 A = Non-vault XP
 B = Vault XP
 C = Vault XP percentage of total XP
 D = Non-vault monster count
 E = Vault monster count
 F = Vault count percentage of total count
                 A         B        C        D         E       F
            +---------+---------+-------+---------+---------+-------
      Total |      54 |       0 |   0.0 |      17 |       0 |   0.0
            +---------+---------+-------+---------+---------+-------
        D:1 |      16 |       0 |   0.0 |      10 |       0 |   0.0
        D:2 |      38 |       0 |   0.0 |       7 |       0 |   0.0
            +---------+---------+-------+---------+---------+-------
